 Dungeon Crawl Stone Soup version 0.22.0-5-gf09313c8f9 (webtiles) character file.

5173 Htamos the Thrower (level 10, -7/72 HPs)
             Began as an Octopode Hunter on Aug 13, 2018.
             Was an Initiate of Okawaru.
             Killed by divine providence
             ... invoked by an orc priest
              (13 damage)
             ... on level 8 of the Dungeon.
             The game lasted 00:21:01 (10331 turns).

Htamos the Thrower (Octopode Hunter)               Turns: 10331, Time: 00:21:02

Health: -7/72      AC:  1    Str: 14    XL:     10   Next: 59%
Magic:  10/10      EV: 18    Int: 13    God:    Okawaru [......]
Gold:   375        SH:  0    Dex: 14    Spells: 9/9 levels left

rFire    . . .     SeeInvis .   a - +5 dire flail (protect)
rCold    . . .     Gourm    .   (shield currently unavailable)
rNeg     . . .     Faith    .   (helmet restricted)
rPois    .         Spirit   .   (no amulet)
rElec    .         Reflect  .   (no ring)
rCorr    .         Harm     .   (no ring)
MR       .....                  (no ring)
Stlth    +++.......             (no ring)
HPRegen  0.22/turn              (no ring)
MPRegen  0.12/turn              (no ring)
                                (no ring)
                                (no ring)

@: no status effects
A: almost no armour, stealthy swim, amphibious, 8 rings, constrict 8, camouflage
1, gelatinous body 1
a: Renounce Religion


You were on level 8 of the Dungeon.
You worshipped Okawaru.
Okawaru was noncommittal.
You were not hungry.

You visited 2 branches of the dungeon, and saw 9 of its levels.
You also visited: Sewer.

You collected 375 gold pieces.

Inventory:

Hand Weapons
 a - a +5 dire flail of protection (weapon)
 b - a +0 blowgun
 c - a +0 short sword
 m - a +0 dagger
 n - a +0 mace
 v - a cursed -2 dagger
 D - a +2 morningstar of crushing
 J - a +0 blowgun
 K - the +6 mace of Eternal Harmony {crush, +Fly MR+, unknown}
   (You found it on level 6 of the Dungeon)

   It inflicts extra damage upon your enemies.
   It affects your resistance to hostile enchantments.
   It lets you fly.
 U - the +5 flail of Wuinaf {flame, rF+, unknown}
   (You found it on level 8 of the Dungeon)

   It has been specially enchanted to burn those struck by it, causing extra
   injury to most foes and up to half again as much damage against particularly
   susceptible opponents.
   It protects you from fire.
 V - a +3 morningstar
Missiles
 u - 223 stones
 w - 6 tomahawks
 x - 15 javelins (quivered)
 y - 3 curare-tipped needles
 E - a throwing net
 N - 13 poisoned needles
 P - 4 silver tomahawks
Jewellery
 j - an uncursed ring of protection from magic {unknown}
 k - an uncursed amulet of guardian spirit {unknown}
 r - an uncursed ring of flight {unknown}
 t - an uncursed amulet of regeneration {unknown}
 B - a cursed ring of teleportation {unknown}
 H - a cursed -3 ring of strength {unknown}
 Q - an uncursed amulet of faith {unknown}
Wands
 C - a wand of disintegration (9)
 S - a wand of polymorph (6)
Scrolls
 e - 8 scrolls of identify {unknown}
 f - 3 scrolls of enchant weapon {unknown}
 i - 3 scrolls of immolation {unknown}
 p - 4 scrolls of fog {unknown}
 q - 6 scrolls of remove curse {unknown}
 s - 6 scrolls of teleportation {unknown}
 G - a scroll of amnesia {unknown}
 I - a scroll of blinking {unknown}
 L - 2 scrolls of fear {unknown}
 W - a scroll of random uselessness {unknown}
Potions
 g - a potion of mutation {unknown}
 h - 2 potions of lignification {unknown}
 l - 3 potions of curing {unknown}
 o - 2 potions of cancellation {unknown}
 z - a potion of invisibility {unknown}
 A - a potion of haste {unknown}
 F - 3 potions of magic {unknown}
 M - a potion of brilliance {unknown}
 O - a potion of might {unknown}
 T - a potion of heal wounds
Comestibles
 d - 16 rations
 R - a chunk of flesh


   Skills:
 + Level 8.0 Fighting
 * Level 11.4 Throwing
 + Level 8.0 Dodging
 - Level 1.3 Stealth


You had 9 spell levels left.
You didn't know any spells.
Your spell library contained the following spells:

 Spells                   Type           Power        Failure   Level  Hunger
 Spider Form              Tmut/Pois      #.........   67%         3    ####...
 Blade Hands              Tmut           #.........   100%        5    ######.
 Ice Form                 Ice/Tmut       #.......     97%         4    #####..
 Sticks to Snakes         Tmut           #.......     43%         2    ###....
 Beastly Appendage        Tmut           #.....       30%         1    ##.....


Dungeon Overview and Level Annotations

Branches:
Dungeon (8/15)             Temple (1/1) D:4
   Lair: D:8-11

Altars:
Ashenzari
Cheibriados
Dithmenos
Elyvilon
Fedhas
Gozag
Hepliaklqana
Kikubaaqudgha
Makhleb
Nemelex Xobeh
Okawaru
Qazlal
Ru
Sif Muna
Trog
Uskayaw
Vehumet
Wu Jian
Xom
Yredelemnul
Zin
The Shining One

Shops:
D:7 [

Annotations:
D:6 exclusion: downstairs
D:7 3 runed doors, IcyTea's ghost, novice DgCj


Innate Abilities, Weirdness & Mutations

You cannot wear most types of armour.
You are very stealthy in the water. (Stealth+)
You are amphibious.
You can wear up to eight rings at the same time.
You can use your tentacles to constrict eight enemies at once.
Your skin changes colour to match your surroundings (Stealth+).
Your rubbery body absorbs attacks. (AC +1, EV +1)


Message History

a dagger; a robe; an orc corpse You open the door.
The orc wizard gestures wildly while chanting.
The orc wizard flickers and vanishes!
Deactivating autopickup; reactivate with Ctrl-A.
There is an open door here.
You close the door.
Something unseen opens the door.
The orc priest calls down the wrath of Beogh upon you.
Beogh smites you!
* * * LOW HITPOINT WARNING * * *
The orc priest mumbles some strange prayers to Beogh against you.
Beogh smites you!
* * * LOW HITPOINT WARNING * * *
The orc priest mumbles some strange prayers to Beogh against you.
Beogh smites you!
* * * LOW HITPOINT WARNING * * *
There is a stone staircase leading up here.
The orc priest mumbles some strange prayers to Beogh against you.
Beogh smites you!
You die...

..............# #+# #....# #+#
#..# ##..##....###.###..#
#..................#
#..................+
##########...###..###.# ###+#
###..###.###...###..###.###...#
.....................#oo......#
................@.o..oo.......#
.....................#o...o...#
####'###'###..###..###'###.).#
#####)###.###..########.# #)).#
.......#...'....>#..#...#..oo....
...[...'...#.....+..#...#...o....
...>...#..>#....##..##..##..oo###
#......#...#....##..##..##....#
#..##..##..####+##..#...#..W...


You could see an orc warrior, 2 orc priests and 3 orcs.

Vanquished Creatures
  A two-headed ogre (D:6)
  An ugly thing (D:6)
  Grinder (D:3)
  A hippogriff (D:5)
  A yak (D:6)
  A wyvern (D:6)
  4 hogs (D:7)
  A human (D:7)
  Edmund (D:4)
  An orc warrior (D:6)
  A sky beast (D:6)
  A phantom (D:6)
  3 centaurs
  3 ogres
  3 big kobolds (Sewer)
  A bullfrog (D:6)
  A gnoll sergeant (D:5)
  2 scorpions (D:4)
  8 wights
  A howler monkey (D:5)
  3 crimson imps
  2 bullfrog skeletons
  A centaur zombie (D:7)
  A bullfrog zombie (D:7)
  2 hounds
  A centaur skeleton (D:5)
  3 orc priests
  3 orc wizards
  Natasha (twice) (D:2)
  An iguana (D:8)
  4 worker ants
  A killer bee zombie (D:5)
  A hound zombie (D:6)
  A hound skeleton (D:4)
  10 gnolls
  8 adders
  4 river rats (Sewer)
  8 oozes (Sewer)
  2 adder skeletons (D:4)
  5 worms
  A dart slug (D:2)
  10 leopard geckos
  14 orcs
  4 giant cockroaches
  5 goblins
  6 hobgoblins
  4 jackals (D:3)
  2 quokkas
  3 ball pythons
  5 bats
  8 frilled lizards
  A jackal skeleton (D:5)
  A jackal zombie (D:6)
  14 kobolds
  15 rats
193 creatures vanquished.

Vanquished Creatures (others)
  2 fungi (D:7)
  2 plants (D:7)
4 creatures vanquished.

Grand Total: 197 creatures vanquished

Notes
Turn   | Place    | Note
-------+----------+-------------------------------------------
     0 | D:1      | Htamos the Octopode Hunter began the quest for the Orb.
     0 | D:1      | Reached XP level 1. HP: 14/14 MP: 1/1
    39 | D:1      | Reached XP level 2. HP: 19/19 MP: 2/2
   630 | D:1      | Reached XP level 3. HP: 19/25 MP: 3/3
  1938 | D:2      | Reached XP level 4. HP: 27/30 MP: 4/4
  2170 | D:2      | Noticed Natasha
  2180 | D:2      | Killed Natasha
  2447 | D:2      | Noticed Natasha
  2450 | D:2      | Killed Natasha
  2450 | D:2      | Reached skill level 5 in Throwing
  2450 | D:2      | Reached XP level 5. HP: 36/36 MP: 5/5
  2491 | D:3      | Noticed Grinder
  2492 | D:3      | Paralysed by Grinder for 2 turns
  2499 | D:3      | Killed Grinder
  2499 | D:3      | Reached XP level 6. HP: 36/43 MP: 6/6
  2650 | D:3      | Noticed a moth of wrath
  2654 | D:3      | Found a bloodstained altar of Trog.
  2824 | D:3      | Reached skill level 6 in Throwing
  3212 | D:3      | Reached XP level 7. HP: 48/48 MP: 7/7
  3795 | D:4      | Found a staircase to the Ecumenical Temple.
  3816 | Temple   | Entered the Ecumenical Temple
  4546 | D:4      | Noticed Edmund
  4565 | D:4      | Killed Edmund
  4565 | D:4      | Reached skill level 7 in Throwing
  4776 | D:4      | Found a radiant altar of Vehumet.
  5096 | D:5      | Entered Level 5 of the Dungeon
  5141 | D:5      | Noticed a hippogriff
  5153 | D:5      | Killed a hippogriff
  5153 | D:5      | Reached skill level 5 in Fighting
  5153 | D:5      | Reached skill level 5 in Dodging
  5153 | D:5      | Reached XP level 8. HP: 7/55 MP: 8/8
  5829 | D:5      | Reached skill level 8 in Throwing
  6280 | D:5      | Found a deep blue altar of Sif Muna.
  6541 | D:6      | Noticed a yak
  6541 | D:6      | Noticed a wyvern
  6662 | D:6      | Found a glowing drain.
  6666 | Sewer    | Entered a sewer
  6726 | Sewer    | Reached XP level 9. HP: 62/62 MP: 9/9
  7214 | Sewer    | Reached skill level 9 in Throwing
  7603 | D:6      | Noticed a two-headed ogre
  7653 | D:6      | Killed a two-headed ogre
  7653 | D:6      | Reached skill level 10 in Throwing
  7702 | D:6      | Noticed a purple ugly thing
  7768 | D:6      | Killed a purple ugly thing
  7768 | D:6      | Reached XP level 10. HP: 71/71 MP: 10/10
  8140 | D:6      | Got a pitted mace
  8836 | D:7      | Found a runed gate.
  8836 | D:7      | Found a runed gate.
  8836 | D:7      | Found a runed gate.
  8837 | D:7      | Noticed IcyTea's ghost (novice DgCj)
  8897 | D:7      | Found Qiustroa's Armour Shop.
  9351 | D:7      | Found a sparkling altar of Nemelex Xobeh.
  9352 | D:7      | Found a shimmering altar of Xom.
  9352 | D:7      | Found a blossoming altar of Fedhas.
  9355 | D:7      | Found a hide-covered altar of Uskayaw.
  9361 | D:7      | Found an iron altar of Okawaru.
  9421 | D:7      | Became a worshipper of Warmaster Okawaru
  9696 | D:7      | Reached skill level 11 in Throwing
 10136 | D:8      | Got a pitted flail
 10331 | D:8      | Killed from afar by an orc priest

Skill      XL: |  1  2  3  4  5  6  7  8  9 10 |
---------------+-------------------------------+-----
Fighting       | 3 4 5 7 8 |  8.0
Dodging        | 3 4 5 7 8 |  8.0
Throwing       | 5 6 7 8 10 11 | 11.4
Stealth        | |  1.3

Action                   |  1- 3 |  4- 6 |  7- 9 | 10-12 || total
-------------------------+-------+-------+-------+-------++-------
Melee: Short sword       |    19 |       |       |       ||    19
       Constrict         |    14 |    18 |    32 |    18 ||    82
       Tentacles         |    10 |    15 |    28 |    21 ||    74
       Mace              |    21 |       |       |       ||    21
       Dagger            |    24 |    57 |    57 |       ||   138
       Dire flail        |       |       |   111 |    98 ||   209
 Fire: Blowgun           |       |       |    19 |    27 ||    46
Throw: Javelin           |     6 |    26 |    56 |    16 ||   104
       Tomahawk          |     3 |     5 |       |       ||     8
       Stone             |       |    20 |     4 |     4 ||    28
       Throwing net      |       |       |     2 |       ||     2
Evoke: Wand              |       |       |       |     1 ||     1
 Stab: Sleeping          |    12 |     3 |    15 |     3 ||    33
       Distracted        |       |     1 |       |       ||     1
       Held in net/web   |       |       |     2 |       ||     2
  Eat: Chunk             |     3 |     4 |     8 |     8 ||    23
       Ration            |       |       |     2 |       ||     2
Armor: Skin              |     4 |     3 |    18 |    20 ||    45
Dodge: Dodged            |    28 |    71 |   137 |    77 ||   313
